 Dungeon Crawl Stone Soup version 0.29-a0-284-gf9362112df (webtiles) character file.

Game seed: 7718859598672806800

538 jisko22 the Digger (level 7, -5/32 (36) HPs)
             Began as a Deep Elf Earth Elementalist on Mar 28, 2022.
             Was an Initiate of Hepliaklqana.
             Slain by a wight
             ... wielding a +3 battleaxe
              (6 damage)
             ... on level 5 of the Dungeon.
             The game lasted 00:19:25 (5121 turns).

jisko22 the Digger (Deep Elf Earth Elementalist)    Turns: 5121, Time: 00:19:26

HP:   -5/32 (36)    AC:  3    Str:  5    XL:     7   Next: 5%
MP:   10/13         EV: 12    Int: 22    God:    Hepliaklqana [......]
Gold: 235           SH:  0    Dex: 15    Spells: 8/12 levels left

rFire   . . .      SeeInvis .   b - staff of earth
rCold   . . .      Faith    .   (no shield)
rNeg    . . .      Spirit   .   r - +1 robe {Will+}
rPois   .          Reflect  .   (no helmet)
rElec   .          Harm     .   (no cloak)
rCorr   .          Rampage  .   (no gloves)
Will    +....                   (no boots)
Stlth   +++.......              (no amulet)
HPRegen 0.10/turn               (no ring)
MPRegen 0.13/turn               (no ring)

@: heavily drained
A: no striking features
a: Renounce Religion


You were on level 5 of the Dungeon.
You worshipped Hepliaklqana.
Hepliaklqana was noncommittal.
You visited 2 branches of the dungeon, and saw 6 of its levels.

You collected 235 gold pieces.

Inventory:

Hand Weapons
 a - the +4 spear "Elf's Doom" {vorpal, rPois Dex+3}
   (You found it on level 2 of the Dungeon)

   It inflicts extra damage upon your enemies.
   Dex:       It affects your dexterity (+3).
   rPois:     It protects you from poison.
 g - a +0 mace
 h - a +0 dagger
 l - a +0 quarterstaff
Missiles
 p - 38 stones
 q - 3 javelins (quivered)
 t - 9 poisoned darts
Armour
 d - a +0 robe
 k - a +0 pair of boots
 r - a +1 robe of willpower (worn)
Magical Staves
 b - a staff of earth (weapon)
Jewellery
 f - an amulet of guardian spirit
 m - a ring of fire
 n - a ring of ice
Potions
 c - a potion of magic
 j - 3 potions of attraction
 o - a potion of brilliance
 s - a potion of heal wounds {unknown}
 u - a potion of flight {unknown}


   Skills:
 - Level 2.6 Dodging
 - Level 4.8 Stealth
 - Level 3.2 Spellcasting
 + Level 4.7 Conjurations
 - Level 1.4 Transmutations
 + Level 6.1 Earth Magic


You had 8 spell levels left.
You knew the following spells:

 Your Spells              Type           Power      Damage    Failure   Level
a - Sandblast             Erth           90%        2d19      1%          1
b - Stone Arrow           Conj/Erth      82%        3d12      4%          3

Your spell library contained the following spells:

 Spells                   Type           Power      Damage    Failure   Level
 Passwall                 Tmut/Erth      25%        N/A       4%          2
 Petrify                  Tmut/Erth      30%        N/A       26%         4
 Borgnjor's Revivificati  Necr           1%         N/A       100%        8
 Necromutation            Tmut/Necr      3%         N/A       100%        8
 Death's Door             Necr           1%         N/A       100%        9


Dungeon Overview and Level Annotations

Branches:
Dungeon (5/15)             Temple (1/1) D:4

Altars:
Ashenzari
Cheibriados
Gozag
Hepliaklqana
Kikubaaqudgha
Makhleb
Nemelex Xobeh
Okawaru
Qazlal
Sif Muna
Xom
The Shining One

Shops:
D:3 *


Message History

o - a potion of brilliance A wight comes into view.
It is wielding a +0 falchion.
A wight is nearby!
Casting: Stone Arrow (dangerous; 4% risk of failure)
Confirm with . or Enter, or press ? or * to list all spells.
You can't see any susceptible monsters within range! (Use Z to cast anyway.) Unknown command.
Press: ? - help, v - describe, . - travel
Here: a wight, wielding a +0 falchion and wearing a +0 robe The floor.
Casting: Stone Arrow (dangerous; 4% risk of failure)
Confirm with . or Enter, or press ? or * to list all spells.
You don't know that spell.
Casting: Stone Arrow (dangerous; 4% risk of failure)
Confirm with . or Enter, or press ? or * to list all spells.
You can't see any susceptible monsters within range! (Use Z to cast anyway.)
Casting: Stone Arrow (dangerous; 4% risk of failure)
Confirm with . or Enter, or press ? or * to list all spells.
Aiming: Stone Arrow (dangerous; 4% risk of failure)
Press: ? - help, Shift-Dir - straight line, f - wight
Aim: a wight, wielding a +0 falchion and wearing a +0 robe (74% to hit)
You feel a surge of power!
The stone arrow hits the wight!!
You destroy the wight!
A wight comes into view.
It is wielding a +3 scimitar of freezing.
A wight comes into view. It is wielding a +3 battleaxe.
Your Earth Magic skill increases to level 6!
You have reached level 7!
The wight attacks as you move away! The wight hits you with a +3 battleaxe!
You feel drained. The wight attacks as you move away!
The wight hits you with a +3 battleaxe! The wight attacks as you move away!
The wight hits you with a +3 battleaxe.
* * * LOW HITPOINT WARNING * * *
Okay, then.
You aren't carrying any scrolls.
You feel better.
The wight hits you with a +3 battleaxe!!
Ouch! That really hurt!
* * * LOW HITPOINT WARNING * * *
You feel drained.
You die...

.##...# ##
...)z..#.# #.# #.#
#.# #z# #.# #z#
#@# #.# #.# #.#
################.#
.......<.........#
##################


You could see 2 wights.

Vanquished Creatures
  2 necrophages (D:4)
  A wight (D:5)
  A centaur zombie (D:4)
  3 bullfrog zombies (D:4)
  A jelly (D:4)
  A hound (D:4)
  An iguana (D:4)
  2 scorpion zombies (D:4)
  Natasha (D:2)
  A hound skeleton (D:4)
  An adder (D:2)
  An adder skeleton (D:4)
  An adder zombie (D:4)
  A worm (D:4)
  4 orcs (D:3)
  2 ball pythons
  2 bats
  2 endoplasms (D:1)
  3 giant cockroaches
  4 goblins
  5 hobgoblins
  4 jackals (D:2)
  2 quokkas (D:1)
  2 frilled lizards
  8 kobolds
  4 rats
  A spectral hobgoblin (D:1)
61 creatures vanquished.

Vanquished Creatures (others)
  A withered plant (D:4)
1 creature vanquished.

Grand Total: 62 creatures vanquished

Notes
Turn   | Place    | Note
-------+----------+-------------------------------------------
     0 | D:1      | jisko22 the Deep Elf Earth Elementalist began the quest for
                  | the Orb.
     0 | D:1      | Reached XP level 1. HP: 10/10 MP: 6/6
   482 | D:1      | Found a faded altar of an unknown god.
   573 | D:1      | Reached XP level 2. HP: 15/15 MP: 6/8
  1096 | D:2      | Noticed Natasha
  1132 | D:2      | Identified the +4 spear "Elf's Doom" {vorpal, rPois Dex+3}
  1165 | D:2      | Killed Natasha
  1166 | D:2      | Reached XP level 3. HP: 19/19 MP: 5/9
  1313 | D:2      | Learned a level 3 spell: Stone Arrow
  1658 | D:2      | Reached XP level 4. HP: 24/24 MP: 10/10
  2098 | D:3      | Reached skill level 1 in Conjurations
  2195 | D:3      | Found Zin's Purification Station.
  2195 | D:3      | Noticed an ice beast
  2312 | D:2      | Identified a scroll of acquirement
  2312 | D:2      | Acquired a staff of earth
  2782 | D:4      | Reached skill level 4 in Earth Magic
  2787 | D:4      | Reached XP level 5. HP: 7/28 MP: 0/11
  3149 | D:4      | Found a staircase to the Ecumenical Temple.
  3158 | Temple   | Entered the Ecumenical Temple
  3222 | Temple   | Became a worshipper of Hepliaklqana the Forgotten
  3307 | D:4      | Reached skill level 5 in Earth Magic
  3309 | D:4      | Reached XP level 6. HP: 24/32 MP: 6/12
  4987 | D:5      | Entered Level 5 of the Dungeon
  5115 | D:5      | Reached skill level 6 in Earth Magic
  5115 | D:5      | Reached XP level 7. HP: 36/36 MP: 9/13
  5121 | D:5      | HP: 1/34 [wight/+3 battleaxe (19)]
  5121 | D:5      | Slain by a wight

Illustrated notes

Levels and vault maps discovered:
D:1:      elethiomel_arrival_shortcut, layout_rooms,
          dreamdust_ecumenical_altar_drowned_temple, chequers_mini_garden
D:2:      layout_basic, kennysheep_pointless_box, uniq_natasha
D:3:      layout_basic, zin_purify, nicolae_wu_jian_immortal_techniques
D:4:      layout_loops_corners, minmay_temple_entry_statues_pillars,
          serial_undead, serial_undead_f, serial_undead_e, serial_undead_d,
          serial_undead_c
D:5:      dreamdust_elfheim, layout_loops_ring
Temple:   regret_index_temple_waves

Skill      XL: |  1  2  3  4  5  6 |
---------------+-------------------+-----
Stealth        | 4 |  4.8
Conjurations   | 2 3 4 |  4.7
Earth Magic    | 4 5 6 |  6.1
Dodging        | |  2.6
Spellcasting   | |  3.2
Transmutations | |  1.4

Action                   |  1- 3 |  4- 6 |  7- 9 || total
-------------------------+-------+-------+-------++-------
Melee: Mace              |     1 |       |       ||     1
       Quarterstaff      |     9 |       |       ||     9
       Spear             |    28 |    19 |       ||    47
       Staff             |       |    11 |       ||    11
Throw: Javelin           |       |     1 |       ||     1
 Cast: Sandblast         |    24 |    38 |       ||    62
       Stone Arrow       |       |     7 |       ||     7
  Use: Scroll            |       |     9 |       ||     9
       Potion            |       |       |     1 ||     1
 Stab: Distracted        |     1 |       |       ||     1
       Sleeping          |     1 |     4 |       ||     5
Armor: Robe              |     7 |     6 |       ||    13
Dodge: Dodged            |    19 |    35 |       ||    54

Table legend: (Time is in decaauts)
 A = Elapsed time spent in this place.
 B = Non-inter-level travel time spent in this place.
 C = Inter-level travel time spent in this place.
 D = Time resting spent in this place.
 E = Time spent auto-exploring this place.
 F = Levels seen in this place.
 G = Mean time per level.
                   A        B        C        D        E       F      G
               +--------+--------+--------+--------+--------+-----+--------+
         Total |   5137 |   4864 |    273 |   1959 |   2020 |   6 |  856.2 |
       Dungeon |   5030 |   4794 |    236 |   1959 |   2020 |   5 | 1006.0 |
        Temple |    106 |     69 |     37 |      0 |      0 |   1 |  106.0 |
               +--------+--------+--------+--------+--------+-----+--------+

Top non-repeatable levels by time:
     D:4: 2253 daAuts
     D:2: 1391 daAuts
     D:1: 872 daAuts
     D:3: 476 daAuts
  Temple: 106 daAuts
     D:5: 37 daAuts
